 Dungeon Crawl Stone Soup version 0.23-a0-78-gc252fe1 (webtiles) character file.

27 Amnesiac the Gusty (level 2, 0/19 HPs)
             Began as a Mummy Air Elementalist on Aug 10, 2018.
             Slain by an adder (4 damage)
             ... on level 3 of the Dungeon.
             The game lasted 00:02:58 (707 turns).

Amnesiac the Gusty (Mummy Air Elementalist)          Turns: 707, Time: 00:02:59

Health: 0/19       AC:  2    Str: 11    XL:     2   Next: 93%
Magic:  6/6        EV: 12    Int: 14    God:
Gold:   46         SH:  0    Dex: 12    Spells: 5/7 levels left

rFire    x . .     SeeInvis .   a - +0 hunting sling
rCold    + . .     Gourm    .   (no shield)
rNeg     + + +     Faith    .   d - +0 robe
rPois    ∞         Spirit   .   (no helmet)
rElec    .         Reflect  .   i - scarf {cloud immunity}
rCorr    .         Harm     .   (no gloves)
MR       .....     Rnd*Tele +   (no boots)
Stlth    ++........             (no amulet)
HPRegen  0.06/turn              h - ring of teleportation (curse)
MPRegen  0.10/turn              (no ring)

@: no status effects
A: no food or potions, fire vulnerability, cold resistance 1, negative energy
resistance 3, torment resistance, unbreathing
a: no special abilities


You were on level 3 of the Dungeon.
You were not hungry.

You visited 1 branch of the dungeon, and saw 3 of its levels.

You collected 46 gold pieces.

Inventory:

Hand Weapons
 a - a +0 hunting sling (weapon)
Missiles
 c - 56 sling bullets (quivered)
 e - 9 stones
Armour
 d - a +0 robe (worn)
 i - a scarf of cloud immunity (worn)
Jewellery
 h - a cursed ring of teleportation (left hand)
Scrolls
 f - a scroll of fog {!r}


   Skills:
 - Level 1.5 Dodging
 - Level 1.5 Stealth
 + Level 3.1 Spellcasting
   Level 0.7 Conjurations
 * Level 3.2 Air Magic


You had 5 spell levels left.
You knew the following spells:

 Your Spells              Type           Power        Failure   Level  Hunger
z - Swiftness             Chrm/Air       #.......     17%         2    N/A

Your spell library contained the following spells:

 Spells                   Type           Power        Failure   Level  Hunger
 Lightning Bolt           Conj/Air       #.........   95%         5    N/A
 Shock                    Conj/Air       #...         10%         1    N/A
 Airstrike                Air            ##........   50%         4    N/A
 Static Discharge         Conj/Air       #.......     28%         3    N/A

Dungeon Overview and Level Annotations

Branches:
Dungeon (3/15)

Altars:


Innate Abilities, Weirdness & Mutations

You do not eat or drink.
Your flesh is vulnerable to fire.
You are immune to poison.
Your flesh is cold resistant. (rC+)
You are immune to negative energy. (rN+++)
You are immune to unholy pain and torment.
You can survive without breathing.


Message History

The bat hits you but does no damage. The bat hits you but does no damage. x2
The bat barely misses you. The bat hits you but does no damage.
Firing (i - inventory. (/) - cycle)
c - 65 sling bullets (quivered)
Press: ? - help, Shift-Dir - straight line, f/p - bat
Aim: a bat You shoot a sling bullet.
The sling bullet misses the bat.
The sling bullet barely misses the adder.
The bat hits you but does no damage. x2
Firing (i - inventory. (/) - cycle)
c - 64 sling bullets (quivered)
Press: ? - help, Shift-Dir - straight line, f/p - bat
Aim: a bat You shoot a sling bullet.
The sling bullet barely misses the bat.
The sling bullet closely misses the adder.
The bat barely misses you. x3; The bat hits you.
Firing (i - inventory. (/) - cycle)
c - 63 sling bullets (quivered)
Press: ? - help, Shift-Dir - straight line, f/p - bat
Aim: a bat You shoot a sling bullet.
The sling bullet closely misses the bat.
The sling bullet misses the adder.
The bat hits you but does no damage. The bat misses you.
The bat closely misses you.
Firing (i - inventory. (/) - cycle)
c - 62 sling bullets (quivered)
Press: ? - help, Shift-Dir - straight line, f/p - bat
Aim: a bat You shoot a sling bullet.
The sling bullet hits the bat!
You kill the bat!
The adder bites you but does no damage.
Firing (i - inventory. (/) - cycle)
c - 61 sling bullets (quivered)
Press: ? - help, Shift-Dir - straight line, f - adder
Aim: an adder (moderately wounded)
You shoot a sling bullet. The sling bullet hits the adder.
The adder is almost dead.
The adder bites you.
Firing (i - inventory. (/) - cycle)
c - 60 sling bullets (quivered)
Press: ? - help, Shift-Dir - straight line, f/p - adder
Aim: an adder (almost dead)
You shoot a sling bullet. The sling bullet misses the adder.
The adder bites you.
* * * LOW HITPOINT WARNING * * *
The adder closely misses you.
Firing (i - inventory. (/) - cycle)
c - 59 sling bullets (quivered)
Press: ? - help, Shift-Dir - straight line, f/p - adder
Aim: an adder (almost dead)
You shoot a sling bullet.
The sling bullet closely misses the adder.
The adder bites you.
* * * LOW HITPOINT WARNING * * *
Firing (i - inventory. (/) - cycle)
c - 58 sling bullets (quivered)
Press: ? - help, Shift-Dir - straight line, f/p - adder
Aim: an adder (almost dead)
You shoot a sling bullet. The sling bullet misses the adder.
The adder bites you.
* * * LOW HITPOINT WARNING * * *
The adder barely misses you.
You are too injured to fight recklessly!
Firing (i - inventory. (/) - cycle)
c - 57 sling bullets (quivered)
Press: ? - help, Shift-Dir - straight line, f/p - adder
Aim: an adder (almost dead)
You shoot a sling bullet.
The sling bullet closely misses the adder.
The adder bites you.
You die...

#.# #.# #.# #.# #.# ##### #.#
...# #.#
#######.#####################.##
............)..@S.....(..(.....#
######.########################
#.# #.# #.# #.##### #.....#
#####.# #.#


You could see an adder.

Vanquished Creatures
  An adder (D:1)
  An ooze (D:2)
  A worm (D:2)
  A giant cockroach (D:1)
  A goblin (D:3)
  2 hobgoblins
  2 bats
  3 rats (D:1)
12 creatures vanquished.

Notes
Turn   | Place    | Note
-------+----------+-------------------------------------------
     0 | D:1      | Amnesiac the Mummy Air Elementalist began the quest for the Orb.
     0 | D:1      | Reached XP level 1. HP: 13/13 MP: 4/4
   337 | D:1      | Reached XP level 2. HP: 18/19 MP: 0/5
   382 | D:1      | Learned a level 2 spell: Swiftness
   707 | D:3      | Slain by an adder

Vault maps used:
D:1:      dpeg_arrival_lava_temple_mockup
D:2:      marbit_many_paths, gammafunk_temple_overflow_statue, first_ration,
          serial_forest, infiniplex_forest_lined_corner,
          infiniplex_forest_lined_room_2, infiniplex_forest_end_1,
          infiniplex_forest_end_3, infiniplex_forest_clump_cross,
          infiniplex_forest_clump_long, serial_bayou_pond_e, grunt_gozag_statues
D:3:      nicolae_tso_carved_into_rock, eat_drink_and_be_merry_uskayaw,
          nicolae_ru_path_of_blood, grunt_qazlal_clouds

Skill      XL: |  1  2 |
---------------+-------+-----
Air Magic      | 3 |  3.2
Spellcasting   | 3 |  3.1
Dodging        | |  1.5
Stealth        | |  1.5
Conjurations   | |  0.7

Action                   || total
-------------------------++-------
 Fire: Hunting sling     ||    42
 Cast: Shock             ||     9
  Use: Scroll            ||     2
Armor: Robe              ||    27
Dodge: Dodged            ||    43

Table legend:
 A = Non-vault XP
 B = Vault XP
 C = Vault XP percentage of total XP
 D = Non-vault monster count
 E = Vault monster count
 F = Vault count percentage of total count
 G = Total turns spent on level
                 A         B        C        D         E       F
            +---------+---------+-------+---------+---------+-------
      Total |      39 |       0 |   0.0 |      12 |       0 |   0.0
            +---------+---------+-------+---------+---------+-------
        D:1 |      21 |       0 |   0.0 |       6 |       0 |   0.0
        D:2 |      13 |       0 |   0.0 |       3 |       0 |   0.0
        D:3 |       5 |       0 |   0.0 |       3 |       0 |   0.0
            +---------+---------+-------+---------+---------+-------
